AoeStats
← Tanana

Pilgrims

507311633Analyzed
4v4 RM · 14d ago on Sep 17, 2026· 28m 3s· 8 players
Game mode
Random Map
Map size
Large (8 player)
Population
200
Speed
Normal
Resources
Standard
Victory
Conquest
Starting age
Dark Age
Ending age
Imperial Age
RankedLock teamsTeams togetherTeam positionsShared explorationLock speedFull tech treeHidden civsTurbo modeCheats
Victory
Defeat
🇬🇧 Huns · United Kingdom
1334
+17
🇻🇳 Armenians · Vietnam
1294
+18
🇨🇭 Romans · Switzerland
1277
+19
🇧🇩 Dravidians · Bangladesh
1275
+19
🇩🇪 Armenians · Germany
1399
-19
🇩🇪 Ethiopians · Germany
1329
-18
🇩🇪 Persians · Germany
1329
-18
🇩🇪 Koreans · Germany
1327
-18
Phu Thuy
13:14 Feudal Age
13:46 Fishing Lines
17:54 Castle Age
16:19 Fletching
17:27 Double-Bit Axe
18:50 Medium Warships
18:42 Bodkin Arrow
20:01 Loom
20:03 Town Watch
26:00 Bow Saw
26:17 Gillnets
ryocallan
9:22 Loom
12:57 Feudal Age
16:43 Castle Age
15:22 Fletching
15:28 Double-Bit Axe
17:01 Padded Archer Armor
20:20 Bow Saw
20:30 Husbandry
21:21 Bloodlines
21:29 Bodkin Arrow
22:18 Thumb Ring
25:19 Ballistics
dr.schniselx
3:50 Loom
10:27 Feudal Age
10:30 Man-at-Arms
13:35 Fishing Lines
16:18 Scale Mail Armor
20:17 Castle Age
18:44 Double-Bit Axe
20:21 Long Swordsman
21:58 Chain Mail Armor
24:04 Forging
J. C. Maxwell
8:19 Loom
12:34 Feudal Age
16:55 Castle Age
15:06 Double-Bit Axe
15:04 Horse Collar
15:41 Gold Mining
15:45 Fletching
16:10 Padded Archer Armor
17:54 Thumb Ring
17:47 Bodkin Arrow
18:08 Leather Archer Armor
17:58 Husbandry
19:07 Bow Saw
20:08 Ballistics
20:48 Heavy Plow
21:58 Wheelbarrow
24:19 Town Watch
28:16 Hand Cart
Fürst Zono
8:33 Loom
10:43 Feudal Age
14:19 Castle Age
12:35 Horse Collar
13:49 Fletching
15:15 Medium Warships
15:09 Bodkin Arrow
19:48 Wheelbarrow
18:58 Town Watch
19:36 Double-Bit Axe
21:30 Forging
25:00 Hand Cart
27:09 Bow Saw
I still hate Goths
5:39 Loom
12:16 Feudal Age
16:02 Castle Age
14:15 Double-Bit Axe
15:57 Scale Barding Armor
19:29 Horse Collar
21:22 Chain Barding Armor
21:21 Bloodlines
24:03 Fletching
I still love Koreans
3:47 Loom
9:02 Loom
11:33 Feudal Age
13:28 Wheelbarrow
13:26 Fletching
16:55 Double-Bit Axe
21:41 Castle Age
19:41 Fishing Lines
19:47 Horse Collar
22:19 Bodkin Arrow
22:32 Crossbowman
24:51 Medium Warships
27:25 Gillnets
Tanana
3:39 Loom
9:46 Feudal Age
10:50 Double-Bit Axe
13:25 Fletching
17:59 Padded Archer Armor
20:11 Castle Age
20:19 Crossbowman
21:06 Thumb Ring
21:15 Bodkin Arrow
24:42 Leather Archer Armor
26:03 Ballistics
27:12 Elite Skirmisher
Connection lost

Rejoining the realm…

Still unreachable

The connection could not be restored.

Session expired

The server has moved on; the page needs a fresh start.